 Dungeon Crawl Stone Soup version 0.23.2-1-ga50397a6bc (webtiles) character file.

Game seed: 7842372338147536194

60 Acheron the Shooter (level 3, -1/30 HPs)
             Began as a Minotaur Wanderer on Apr 19, 2019.
             Slain by an ogre
             ... wielding a +0 giant club
              (8 damage)
             ... on level 2 of the Dungeon.
             The game lasted 00:06:05 (1347 turns).

Acheron the Shooter (Minotaur Wanderer)             Turns: 1347, Time: 00:06:06

Health: -1/30      AC:  6    Str: 21    XL:     3   Next: 80%
Magic:  2/2        EV: 11    Int:  8    God:
Gold:   50         SH:  0    Dex: 10    Spells: 2/2 levels left

rFire    . . .     SeeInvis .   c - +0 hand axe
rCold    . . .     Gourm    .   (no shield)
rNeg     . . .     Faith    .   d - +0 ring mail
rPois    .         Spirit   .   (helmet restricted)
rElec    .         Reflect  .   (no cloak)
rCorr    .         Harm     .   s - +0 pair of gloves
MR       .....                  (no boots)
Stlth    +.........             (no amulet)
HPRegen  0.10/turn              j - +4 ring of strength
MPRegen  0.08/turn              (no ring)

@: no status effects
A: retaliatory headbutt, horns 2
a: no special abilities


You were on level 2 of the Dungeon.
You were not hungry.

You visited 1 branch of the dungeon, and saw 2 of its levels.

You collected 50 gold pieces.

Inventory:

Hand Weapons
 a - a +2 shortbow
 c - a +0 hand axe (weapon)
 h - a +0 whip
 i - a +0 dagger
 n - a +1 dagger of speed
Missiles
 b - 49 arrows
Armour
 d - a +0 ring mail (worn)
 s - a +0 pair of gloves (worn)
Jewellery
 e - an uncursed ring of resist corrosion {unknown}
 j - a +4 ring of strength (left hand)
 o - an uncursed ring of flight {unknown}
Potions
 k - a potion of heal wounds {unknown}
 p - a potion of haste {unknown}
 r - a potion of curing {unknown}
 u - a potion of lignification {unknown}
 v - a potion of resistance {unknown}
Comestibles
 f - 4 rations
 g - 3 chunks of flesh


   Skills:
 + Level 2.7 Fighting
 * Level 1.3 Axes
 + Level 4.2 Bows
   Level 1.1 Crossbows
 + Level 1.0 Throwing
 + Level 2.6 Armour
 * Level 1.2 Dodging
 * Level 1.4 Stealth


You had 2 spell levels left.
You didn't know any spells.
Your spell library was empty.

Dungeon Overview and Level Annotations

Branches:
Dungeon (2/15)

Altars:


Innate Abilities, Weirdness & Mutations

You reflexively headbutt those who attack you in melee.
You have a pair of horns on your head.


Message History

You closely miss the adder. Your headbutt misses the adder.
The adder is almost dead.
The adder bites you but does no damage. x2
You closely miss the adder.
The adder is almost dead.
The adder barely misses you.
You slash the adder!
You kill the adder!
The ogre hits you with a +0 giant club!!
Ouch! That really hurt!
* * * LOW HITPOINT WARNING * * *
You see here a bat corpse.
Found a pair of boots.
You hit the ogre.
The ogre is lightly wounded.
The ogre completely misses you.
You hit the ogre.
The ogre is moderately wounded.
The ogre hits you with a +0 giant club!
You die...

##################
..................
#####....#.....##
........###O#.....
#[######.#@##.####
##.###.# # #.# #.#
#. #.# #†#
#.#######.###.#
#...........#.#
#.......#.#.#.#
#.......#.....#
#......#.#.###


You could see an ogre.

Vanquished Creatures
  An adder (D:2)
  3 dart slugs (D:1)
  3 leopard geckos
  4 giant cockroaches
  5 goblins (D:1)
  6 hobgoblins (D:1)
  3 jackals (D:1)
  4 kobolds (D:1)
  4 bats
  2 frilled lizards (D:1)
  4 rats (D:1)
39 creatures vanquished.

Notes
Turn   | Place    | Note
-------+----------+-------------------------------------------
     0 | D:1      | Acheron the Minotaur Wanderer began the quest for the Orb.
     0 | D:1      | Acheron set off with the following items: a +2 shortbow, 28
                  | arrows, a +0 hand axe, a +0 ring mail, a ration
     0 | D:1      | Reached XP level 1. HP: 18/18 MP: 0/0
   227 | D:1      | Reached XP level 2. HP: 15/25 MP: 1/1
   655 | D:1      | Reached skill level 4 in Bows
   689 | D:1      | Reached XP level 3. HP: 25/30 MP: 2/2
   696 | D:1      | Reached skill level 1 in Dodging
   800 | D:1      | Reached skill level 1 in Axes
  1318 | D:2      | Noticed an ogre
  1347 | D:2      | Slain by an ogre

Skill      XL: |  1  2  3 |
---------------+----------+-----
Bows           | 4 |  4.2
Dodging        | 1 |  1.2
Axes           | 1 |  1.3
Fighting       | |  2.7
Crossbows      | |  1.1
Throwing       | |  1.0
Armour         | |  2.6
Stealth        | |  1.4

Action                   || total
-------------------------++-------
Melee: Hand axe          ||    81
       Headbutt          ||    10
 Fire: Shortbow          ||    20
  Use: Scroll            ||     5
  Eat: Chunk             ||     1
Armor: Ring mail         ||    34
Dodge: Dodged            ||    48
